BSA
NEVADA NOISE @ IRVINE GANG GREEN
08/26/2027
 
TOP OF THE 1ST
Los Cabos Cartel batting - Pitching for Irvine Gang Green : RHP Mike Marrero
Pitching: RHP Mike Marrero
Batting: RHB Fernando Martínez 0-0: Called Strike
0-1: Ball
1-1: Ball
2-1: Foul Ball, location: 2F
2-2: Ball
3-2: SINGLE (Line Drive, 6MD)
Batting: RHB Stephen Wilson 0-0: Foul Ball, location: 2F
0-1: Ball
1-1: Ball
2-1: Ground out 5-3 (Groundball, 56S)
Fernando Martínez to second
Batting: RHB Edward Young 0-0: Called Strike
0-1: Ball
1-1: Ball
2-1: Ball
3-1: Foul Ball, location: 2F
3-2: Foul Ball, location: 2F
3-2: Base on Balls
Batting: LHB Willie Wallace 0-0: Ball
1-0: Ball
2-0: SINGLE (Groundball, 5D)
Fernando Martínez to third
Edward Young to second
Batting: LHB Tom Waller 0-0: Called Strike
0-1: Foul Ball, location: 2F
0-2: Foul Ball, location: 2F
0-2: Ball
1-2: Foul Ball, location: 2F
1-2: Ball
2-2: Strikes out swinging
Batting: SHB Javier Villegas 0-0: Ball
1-0: Ball
2-0: Ball
3-0: Called Strike
3-1: Base on Balls
Fernando Martínez scores
Edward Young to third
Willie Wallace to second
Batting: RHB Jesús Hernández 0-0: Foul Ball, location: 2F
0-1: Ball
1-1: Ball
2-1: Swinging Strike
2-2: Reached on error, E8 (Flyball, 8RD)
Edward Young scores
Willie Wallace scores
Javier Villegas to third
Batting: LHB Pablo Reyes 0-0: Ball
1-0: Ball
2-0: Ground out 5-3 (Groundball, 25)
Top of the 1st over - 3 run(s), 2 hit(s), 1 error(s), 2 left on base; Los Cabos 3 - Irvine 0
BOTTOM OF THE 1ST
Irvine Gang Green batting - Pitching for Los Cabos Cartel : RHP Jing-xiang Fa
Pitching: RHP Jing-xiang Fa
Batting: RHB José Salazar 0-0: Swinging Strike
0-1: Ball
1-1: Ball
2-1: Foul Ball, location: 2F
2-2: Foul Ball, location: 2F
2-2: Ball
3-2: Base on Balls
Batting: LHB Jorge Martínez 0-0: Foul Ball, location: 2F
0-1: Ball
1-1: Ball
2-1: Fly out, F6 (Popup, 6D)
Batting: LHB Jesús Campos 0-0: Ball
1-0: Called Strike
1-1: Ball
2-1: Fielders Choice at 2nd, 4-6 (Groundball, 34)
Batting: LHB Víctor Quiñones 0-0: Called Strike
0-1: Foul Ball, location: 2F
0-2: Fielders Choice at 2nd, 4-6 (Groundball, 4)
Bottom of the 1st over - 0 run(s), 0 hit(s), 0 error(s), 0 left on base; Los Cabos 3 - Irvine 0
TOP OF THE 2ND
Los Cabos Cartel batting - Pitching for Irvine Gang Green : RHP Mike Marrero
Batting: RHB Vern Carlton 0-0: Swinging Strike
0-1: Foul Ball, location: 2F
0-2: Strikes out swinging
Batting: RHB Fernando Martínez 0-0: Hit by Pitch
Batting: RHB Stephen Wilson 0-0: Called Strike
0-1: Called Strike
0-2: Foul Ball, location: 2F
0-2: Ball
1-2: Fielders Choice at 2nd, 1-4 (Groundball, 15S)
Batting: RHB Edward Young 0-0: Ball
1-0: Foul Ball, location: 2F
1-1: 2-RUN HOME RUN (Flyball, 7D), Distance : 415 ft
Batting: LHB Willie Wallace 0-0: SOLO HOME RUN (Flyball, 8LXD), Distance : 452 ft
Batting: LHB Tom Waller 0-0: Ball
1-0: Called Strike
1-1: Swinging Strike
1-2: Ball
2-2: Ball
3-2: Base on Balls
Batting: SHB Javier Villegas 0-0: Called Strike
0-1: Foul Ball, location: 2F
0-2: Ball
1-2: Ball
2-2: Ball
3-2: Base on Balls
Tom Waller to second
Batting: RHB Jesús Hernández 0-0: Called Strike
0-1: Ball
1-1: Foul Ball, location: 2F
1-2: Fly out, F9 (Flyball, 9S)
Top of the 2nd over - 3 run(s), 2 hit(s), 0 error(s), 2 left on base; Los Cabos 6 - Irvine 0
BOTTOM OF THE 2ND
Irvine Gang Green batting - Pitching for Los Cabos Cartel : RHP Jing-xiang Fa
Batting: RHB Buck Jones 0-0: Called Strike
0-1: Called Strike
0-2: Ball
1-2: Ball
2-2: Fly out, F7 (Flyball, 7D)
Batting: LHB Bill Murphy 0-0: Ball
1-0: Called Strike
1-1: Fly out, F6 (Popup, 6)
Batting: RHB Eichiro Yamamoto 0-0: Foul Ball, location: 2F
0-1: Ball
1-1: Ball
2-1: Ball
3-1: Foul Ball, location: 2F
3-2: SINGLE (Flyball, 9LM)
Batting: RHB Tom Doherty 0-0: Called Strike
0-1: Ball
1-1: Fly out, F9 (Flyball, 9LM)
Bottom of the 2nd over - 0 run(s), 1 hit(s), 0 error(s), 1 left on base; Los Cabos 6 - Irvine 0
TOP OF THE 3RD
Los Cabos Cartel batting - Pitching for Irvine Gang Green : RHP Mike Marrero
Batting: LHB Pablo Reyes 0-0: Called Strike
0-1: Ball
1-1: Called Strike
1-2: Ball
2-2: Foul Ball, location: 2F
2-2: Strikes out swinging
Batting: RHB Vern Carlton 0-0: Ball
1-0: Called Strike
1-1: Foul Ball, location: 2F
1-2: Foul Ball, location: 2F
1-2: Foul Ball, location: 2F
1-2: Strikes out swinging
Batting: RHB Fernando Martínez 0-0: Called Strike
0-1: Ball
1-1: Ball
2-1: Called Strike
2-2: Ball
3-2: Foul Ball, location: 2F
3-2: SINGLE (Flyball, 89S)
Batting: RHB Stephen Wilson 0-0: Ball
1-0: Foul Ball, location: 2F
1-1: Ball
2-1: Ground out 6-3 (Groundball, 6S)
Top of the 3rd over - 0 run(s), 1 hit(s), 0 error(s), 1 left on base; Los Cabos 6 - Irvine 0
BOTTOM OF THE 3RD
Irvine Gang Green batting - Pitching for Los Cabos Cartel : RHP Jing-xiang Fa
Batting: RHB Ronnie Brown 0-0: Swinging Strike
0-1: Swinging Strike
0-2: Fly out, F7 (Flyball, 7)
Batting: RHB José Salazar 0-0: Ball
1-0: Called Strike
1-1: Ball
2-1: Ground out 4-3 (Groundball, 4)
Batting: LHB Jorge Martínez 0-0: Ball
1-0: Ball
2-0: Called Strike
2-1: Swinging Strike
2-2: Foul Ball, location: 2F
2-2: Ball
3-2: Ground out 4-3 (Groundball, 34D)
Bottom of the 3rd over - 0 run(s), 0 hit(s), 0 error(s), 0 left on base; Los Cabos 6 - Irvine 0
TOP OF THE 4TH
Los Cabos Cartel batting - Pitching for Irvine Gang Green : RHP Mike Marrero
Batting: RHB Edward Young 0-0: Ball
1-0: Foul Ball, location: 2F
1-1: Ball
2-1: Foul Ball, location: 2F
2-2: Foul Ball, location: 2F
2-2: Foul Ball, location: 2F
2-2: Ground out 5-3 (Groundball, 56S)
Batting: LHB Willie Wallace 0-0: Ball
1-0: SINGLE (Line Drive, 6MD)
Batting: LHB Tom Waller 0-0: Ball
Willie Wallace steals 2nd base
1-0: Called Strike
1-1: Ground out 4-3 (Groundball, 4)
Willie Wallace to third
Batting: SHB Javier Villegas 0-0: Ball
1-0: Ground out 3-1 (Groundball, 34S)
Top of the 4th over - 0 run(s), 1 hit(s), 0 error(s), 1 left on base; Los Cabos 6 - Irvine 0
BOTTOM OF THE 4TH
Irvine Gang Green batting - Pitching for Los Cabos Cartel : RHP Jing-xiang Fa
Batting: LHB Jesús Campos 0-0: Ball
1-0: Swinging Strike
1-1: Foul Ball, location: 2F
1-2: Ground out U3 (Groundball, 34)
Batting: LHB Víctor Quiñones 0-0: Ball
1-0: Ball
2-0: Called Strike
2-1: SINGLE (Line Drive, 89S)
Batting: RHB Buck Jones 0-0: Fly out, F3 (Popup, 3L)
Batting: LHB Bill Murphy 0-0: Called Strike
0-1: SINGLE (Groundball, 4MD)
Víctor Quiñones to second
Batting: RHB Eichiro Yamamoto 0-0: Ball
1-0: Called Strike
1-1: SINGLE (Groundball, 56D)
Víctor Quiñones to third
Bill Murphy to second
Runner from 3rd tries for Home, SAFE, no throw
Batting: RHB Tom Doherty 0-0: Foul Ball, location: 2F
0-1: Ball
1-1: Foul Ball, location: 2F
1-2: SINGLE (Flyball, 7S)
Bill Murphy to third
Eichiro Yamamoto to second
Runner from 3rd tries for Home, SAFE, no throw
Batting: RHB Ronnie Brown 0-0: Foul Ball, location: 2F
0-1: SINGLE (Groundball, 6D)
Eichiro Yamamoto to third
Tom Doherty to second
Runner from 3rd tries for Home, throw and OUT!
Bottom of the 4th over - 2 run(s), 5 hit(s), 0 error(s), 2 left on base; Los Cabos 6 - Irvine 2
TOP OF THE 5TH
Los Cabos Cartel batting - Pitching for Irvine Gang Green : RHP Mike Marrero
Pitching: RHP Raúl Saltines
Batting: RHB Jesús Hernández 0-0: Ball
1-0: Foul Ball, location: 2F
1-1: Foul Ball, location: 2F
1-2: Ball
2-2: Strikes out swinging
Batting: LHB Pablo Reyes 0-0: Ball
1-0: Ground out 4-3 (Groundball, 4)
Batting: RHB Vern Carlton 0-0: DOUBLE (Line Drive, 7LM)
Batting: RHB Fernando Martínez 0-0: 2-RUN HOME RUN (Flyball, 7D), Distance : 412 ft
Batting: RHB Stephen Wilson 0-0: Ball
1-0: Ball
2-0: Called Strike
2-1: Ball
3-1: Swinging Strike
3-2: Base on Balls
Batting: RHB Edward Young 0-0: Ball
1-0: Ball
2-0: Ground out 1-3 (Groundball, 15)
Top of the 5th over - 2 run(s), 2 hit(s), 0 error(s), 1 left on base; Los Cabos 8 - Irvine 2
BOTTOM OF THE 5TH
Irvine Gang Green batting - Pitching for Los Cabos Cartel : RHP Jing-xiang Fa
Batting: RHB José Salazar 0-0: Called Strike
0-1: Ball
1-1: Ball
2-1: Foul Ball, location: 2F
2-2: Fly out, F8 (Flyball, 89S)
Batting: LHB Jorge Martínez 0-0: Ball
1-0: Ball
2-0: Called Strike
2-1: Foul Ball, location: 2F
2-2: Foul Ball, location: 2F
2-2: Ball
3-2: Fly out, F1 (Line Drive, 13)
Batting: LHB Jesús Campos 0-0: Called Strike
0-1: Ball
1-1: Swinging Strike
1-2: Ground out U3 (Groundball, 34)
Bottom of the 5th over - 0 run(s), 0 hit(s), 0 error(s), 0 left on base; Los Cabos 8 - Irvine 2
TOP OF THE 6TH
Los Cabos Cartel batting - Pitching for Irvine Gang Green : RHP Raúl Saltines
Batting: LHB Willie Wallace 0-0: Called Strike
0-1: Ball
1-1: Ball
2-1: Fly out, F8 (Flyball, 8RD)
Batting: LHB Tom Waller 0-0: Called Strike
0-1: Foul Ball, location: 2F
0-2: Strikes out looking
Batting: SHB Javier Villegas 0-0: Called Strike
0-1: Foul Ball, location: 2F
0-2: Foul Ball, location: 2F
0-2: Ball
1-2: Ball
2-2: Ball
3-2: Strikes out swinging
Top of the 6th over - 0 run(s), 0 hit(s), 0 error(s), 0 left on base; Los Cabos 8 - Irvine 2
BOTTOM OF THE 6TH
Irvine Gang Green batting - Pitching for Los Cabos Cartel : RHP Jing-xiang Fa
Batting: LHB Víctor Quiñones 0-0: Called Strike
0-1: Called Strike
0-2: Ball
1-2: SINGLE (Groundball, 6D)
Batting: RHB Buck Jones 0-0: Called Strike
0-1: Foul Ball, location: 2F
0-2: Ball
1-2: Ball
2-2: Foul Ball, location: 2F
2-2: Fly out, F3 (Line Drive, 34)
Lined into DP, U3 (Line Drive, 34)
Batting: LHB Bill Murphy 0-0: Called Strike
0-1: Ball
1-1: Foul Ball, location: 2F
1-2: Foul Ball, location: 2F
1-2: Ground out U3 (Groundball, 34)
Bottom of the 6th over - 0 run(s), 1 hit(s), 0 error(s), 0 left on base; Los Cabos 8 - Irvine 2
TOP OF THE 7TH
Los Cabos Cartel batting - Pitching for Irvine Gang Green : RHP Raúl Saltines
Batting: RHB Jesús Hernández 0-0: Swinging Strike
0-1: Called Strike
0-2: Ground out 5-3 (Groundball, 56)
Batting: LHB Pablo Reyes 0-0: SINGLE (Line Drive, 4M)
Batting: RHB Vern Carlton 0-0: Ball
1-0: Called Strike
1-1: Ball
2-1: Fielders Choice at 2nd, 1-6 (Groundball, P)
Batting: RHB Fernando Martínez 0-0: Fielders Choice at 2nd, 6-4 (Groundball, 6D)
Top of the 7th over - 0 run(s), 1 hit(s), 0 error(s), 0 left on base; Los Cabos 8 - Irvine 2
BOTTOM OF THE 7TH
Irvine Gang Green batting - Pitching for Los Cabos Cartel : RHP Jing-xiang Fa
Batting: RHB Eichiro Yamamoto 0-0: Ball
1-0: Ball
2-0: Ground out 4-3 (Groundball, 4)
Batting: RHB Tom Doherty 0-0: Called Strike
0-1: Ball
1-1: Foul Ball, location: 2F
1-2: Ball
2-2: Foul Ball, location: 2F
2-2: SINGLE (Groundball, 4MD)
Batting: RHB Ronnie Brown 0-0: SINGLE (Groundball, 34D) - runner OUT being hit by batted ball.
Batting: RHB José Salazar 0-0: Ball
1-0: Ball
2-0: Foul Ball, location: 2F
2-1: Fly out, F8 (Line Drive, 8LD)
Bottom of the 7th over - 0 run(s), 2 hit(s), 0 error(s), 1 left on base; Los Cabos 8 - Irvine 2
TOP OF THE 8TH
Los Cabos Cartel batting - Pitching for Irvine Gang Green : RHP Raúl Saltines
Pitching: RHP Howard Green
Batting: RHB Stephen Wilson 0-0: Called Strike
0-1: Called Strike
0-2: Strikes out swinging
Batting: RHB Edward Young 0-0: Called Strike
0-1: Foul Ball, location: 2F
0-2: Ball
1-2: Strikes out swinging
Batting: LHB Willie Wallace 0-0: Foul Ball, location: 2F
0-1: Ball
1-1: Ball
2-1: Called Strike
2-2: Foul Ball, location: 2F
2-2: Foul Ball, location: 2F
2-2: DOUBLE (Groundball, 3L)
Batting: LHB Tom Waller 0-0: Called Strike
0-1: Ball
1-1: Ball
2-1: Fly out, F8 (Flyball, 8RXD)
Top of the 8th over - 0 run(s), 1 hit(s), 0 error(s), 1 left on base; Los Cabos 8 - Irvine 2
BOTTOM OF THE 8TH
Irvine Gang Green batting - Pitching for Los Cabos Cartel : RHP Jing-xiang Fa
Batting: LHB Jorge Martínez 0-0: Fly out, F9 (Flyball, 9LS)
Batting: LHB Jesús Campos 0-0: Ball
1-0: Ball
2-0: Ball
3-0: Foul Ball, location: 2F
3-1: Called Strike
3-2: SINGLE (Groundball, 34D)
Batting: LHB Víctor Quiñones 0-0: Ball
1-0: Ball
2-0: Ball
3-0: Called Strike
3-1: Base on Balls
Jesús Campos to second
Batting: RHB Buck Jones 0-0: Ball
1-0: Called Strike
1-1: Called Strike
1-2: Ball
2-2: SINGLE (Line Drive, 7LS)
Jesús Campos to third
Víctor Quiñones to second
Runner from 3rd tries for Home, SAFE, no throw
Batting: LHB Bill Murphy 0-0: Fly out, F8 (Flyball, 8RD)
Runner from 2nd tags up, SAFE at 3rd, no throw
Pitching: RHP Pierre Deschênes
Batting: RHB Eichiro Yamamoto 0-0: Ball
1-0: Called Strike
1-1: Ball
2-1: Foul Ball, location: 2F
2-2: Ball
3-2: Base on Balls
Buck Jones to second
Batting: RHB Tom Doherty 0-0: Called Strike
0-1: Ball
1-1: Called Strike
1-2: Ball
2-2: Ground out 5-3 (Groundball, 56S)
Bottom of the 8th over - 1 run(s), 2 hit(s), 0 error(s), 3 left on base; Los Cabos 8 - Irvine 3
TOP OF THE 9TH
Los Cabos Cartel batting - Pitching for Irvine Gang Green : RHP Howard Green
Batting: SHB Javier Villegas 0-0: Ball
1-0: Foul Ball, location: 2F
1-1: Foul Ball, location: 2F
1-2: Ball
2-2: Ball
3-2: Foul Ball, location: 2F
3-2: Strikes out swinging
Batting: RHB Jesús Hernández 0-0: Called Strike
0-1: Ball
1-1: Foul Ball, location: 2F
1-2: Strikes out swinging
Batting: LHB Pablo Reyes 0-0: DOUBLE (Flyball, 7LD)
Batting: RHB Vern Carlton 0-0: Ground out 4-3 (Groundball, 4M)
Top of the 9th over - 0 run(s), 1 hit(s), 0 error(s), 1 left on base; Los Cabos 8 - Irvine 3
BOTTOM OF THE 9TH
Irvine Gang Green batting - Pitching for Los Cabos Cartel : RHP Pierre Deschênes
Batting: RHB Ronnie Brown 0-0: Ball
1-0: Called Strike
1-1: Swinging Strike
1-2: Strikes out swinging
Batting: RHB José Salazar 0-0: Foul Ball, location: 2F
0-1: Ball
1-1: Ball
2-1: Called Strike
2-2: Ball
3-2: Ground out 6-3 (Groundball, 6)
Pitching: RHP Pedro Hernández
Batting: LHB Jorge Martínez 0-0: Foul Ball, location: 2F
0-1: Foul Ball, location: 2F
0-2: Ball
1-2: Foul Ball, location: 2F
1-2: Ball
2-2: Ball
3-2: Foul Ball, location: 2F
3-2: Foul Ball, location: 2F
3-2: Ground out 3-1 (Groundball, 34S)
Bottom of the 9th over - 0 run(s), 0 hit(s), 0 error(s), 0 left on base; Los Cabos 8 - Irvine 3
Thursday, March 30th, 2017 - OOTP Baseball 17.12 Build 75